 Dungeon Crawl Stone Soup version 0.23.1-37-gaa34b87b72 (webtiles) character file.

Game seed: 12038981707921133261

14683 PikkenKukken the Spear-Bearer (level 12, -6/81 HPs)
             Began as an Octopode Wizard on Mar 19, 2019.
             Was an Initiate of Gozag.
             Mangled by a six-headed hydra (10 damage)
             ... on level 1 of the Lair of Beasts.
             The game lasted 00:45:22 (17345 turns).

PikkenKukken the Spear-Bearer (Octopode Wizard)    Turns: 17345, Time: 00:45:23

Health: -6/81      AC:  4    Str: 13    XL:     12   Next: 19%
Magic:  48/53      EV: 27    Int: 21    God:    Gozag
Gold:   79         SH:  0    Dex: 24    Spells: 25/31 levels left

rFire    + + .     SeeInvis .   n - +1 rapier (elec)
rCold    . . .     Gourm    .   (no shield)
rNeg     . . .     Faith    .   a - +2 hat
rPois    +         Spirit   .   (no amulet)
rElec    +         Reflect  .   b - ring of protection from magic
rCorr    +         Harm     .   i - +3 ring of dexterity
MR       +....                  A - ring of magical power (curse)
Stlth    ++++++....             u - ring of resist corrosion
HPRegen  0.23/turn              D - ring of protection from fire
MPRegen  0.33/turn              e - ring of the Octopus King {MP+9 AC+1 EV+1 Str+1 Int+1 Dex+1}
                                E - ring of Fixation {rElec rPois rC- MP+9 Slay+2}
                                (no ring)

@: mighty, agile, resistant, berserk cooldown, slowed, very slow
A: almost no armour, stealthy swim, amphibious, 8 rings, constrict 8, camouflage
1, gelatinous body 1
a: Potion Petition, Call Merchant, Bribe Branch, Renounce Religion


You were on level 1 of the Lair of Beasts.
You worshipped Gozag.
Gozag was noncommittal.
You were not hungry.

You visited 3 branches of the dungeon, and saw 13 of its levels.
You also visited: Ossuary.

You collected 2122 gold pieces.
You spent 1388 gold pieces at shops.
You paid 655 gold pieces to Gozag.

Inventory:

Hand Weapons
 n - a +1 rapier of electrocution (weapon)
 z - a +0 trident
Missiles
 g - 7 javelins (quivered)
 m - 268 arrows
Armour
 a - a +2 hat (worn)
Jewellery
 b - a ring of protection from magic (left tentacle)
 e - a ring of the Octopus King (on tentacle) {MP+9 AC+1 EV+1 Str+1 Int+1 Dex+1}
   (You found it on level 1 of the Lair of Beasts)

   [ring of magical power]

   It affects your AC (+1).
   It affects your evasion (+1).
   It affects your strength (+1).
   It affects your intelligence (+1).
   It affects your dexterity (+1).
   It affects your magic capacity (+9).
 i - a +3 ring of dexterity (right tentacle)
 u - a ring of resist corrosion (on tentacle)
 A - a cursed ring of magical power (on tentacle)
 D - a ring of protection from fire (on tentacle)
 E - the ring of Fixation (on tentacle) {rElec rPois rC- MP+9 Slay+2}
   (You bought it in a shop on level 10 of the Dungeon)

   [ring of magical power]

   It affects your accuracy and damage with ranged weapons and melee attacks
   (+2).
   It makes you vulnerable to cold.
   It insulates you from electricity.
   It protects you from poison.
   It affects your magic capacity (+9).
Wands
 f - a wand of paralysis (2)
 w - a wand of disintegration (14)
Scrolls
 j - 3 scrolls of enchant armour
 o - 3 scrolls of enchant weapon
 q - 4 scrolls of identify
 s - 6 scrolls of teleportation
 v - 4 scrolls of remove curse
 x - a scroll of fog
 y - 2 scrolls of blinking
 C - a scroll of fear
Potions
 d - 4 potions of haste
 h - a potion of cancellation {unknown}
 k - 2 potions of flight
 l - 8 potions of curing
 p - a potion of agility
 r - 2 potions of brilliance
 t - a potion of lignification {unknown}
 B - 3 potions of heal wounds
Comestibles
 c - 14 rations


   Skills:
 - Level 7.1 Fighting
 - Level 3.0 Short Blades
 + Level 12.3 Polearms
 - Level 8.0 Dodging
 - Level 6.0 Stealth
   Level 4.8 Shields
 - Level 10.0 Spellcasting
 - Level 1.0 Conjurations
 - Level 1.0 Summonings
 - Level 1.0 Translocations


You had 25 spell levels left.
You knew the following spells:

 Your Spells              Type           Power        Failure   Level  Hunger
a - Magic Dart            Conj           ##..         4%          1    None
b - Blink                 Tloc           N/A          6%          2    None
c - Call Imp              Summ           ##......     6%          2    None
d - Animate Skeleton      Necr           N/A          6%          1    None

Your spell library contained the following spells:

 Spells                   Type           Power        Failure   Level  Hunger
 Apportation              Tloc           ##....       4%          1    None
 Summon Small Mammal      Summ           ##..         4%          1    None
 Confusing Touch          Hex            ##....       6%          1    None
 Slow                     Hex            ##......     10%         2    None
 Conjure Flame            Conj/Fire      ##......     16%         3    None
 Mephitic Cloud           Conj/Pois/Air  ##......     17%         3    None


Dungeon Overview and Level Annotations

Branches:
Dungeon (11/15)            Temple (1/1) D:4            Lair (1/6) D:10
    Orc (0/2) D:9

Altars:
Ashenzari
Cheibriados
Dithmenos
Elyvilon
Fedhas
Gozag
Hepliaklqana
Kikubaaqudgha
Makhleb
Nemelex Xobeh
Okawaru
Qazlal
Ru
Sif Muna
Trog
Uskayaw
Vehumet
Wu Jian
Xom
Yredelemnul
Zin
The Shining One

Shops:
D:4 ?   D:8 !   D:10 =

Annotations:
D:5 Sigmund
D:7 exclusion: statue


Innate Abilities, Weirdness & Mutations

You cannot wear most types of armour.
You are very stealthy in the water. (Stealth+)
You are amphibious.
You can wear up to eight rings at the same time.
You can use your tentacles to constrict eight enemies at once.
Your skin changes colour to match your surroundings (Stealth+).
Your rubbery body absorbs attacks. (AC +1, EV +1)


Message History

You barely miss the six-headed hydra. The six-headed hydra bites you.
The six-headed hydra barely misses you. The six-headed hydra bites you!
* * * LOW HITPOINT WARNING * * *
The six-headed hydra bites you but does no damage.
The six-headed hydra misses you.
The six-headed hydra completely misses you.
Unknown command.
The spiny frog croaks.
You puncture the six-headed hydra!
Lightning courses through the six-headed hydra!
The six-headed hydra is moderately wounded.
The six-headed hydra barely misses you. The six-headed hydra bites you.
* * * LOW HITPOINT WARNING * * *
The six-headed hydra closely misses you.
The six-headed hydra bites you!
* * * LOW HITPOINT WARNING * * *
The six-headed hydra completely misses you. x3
The six-headed hydra bites you!
You die...
Your body crumbles into a pile of gold.

...# ...P #..#
... #..# ......
####..# .(.....
#.....#
.......##.....#
.......#....@#
.......F#...D##
F.............#
..............#
.............##
.........P...#
..............#
..............#
..............#


You could see a six-headed hydra and a spiny frog.

Vanquished Creatures
  2 two-headed ogres (D:8)
  2 tengu warriors (D:10)
  A queen bee (D:9)
  Grinder (D:3)
  A troll (D:10)
  A hippogriff (D:10)
  9 yaks
  A water moccasin (D:8)
  A sky beast (D:7)
  2 ice beasts
  An orc warrior (D:8)
  3 necrophages
  A phantom (D:8)
  4 centaurs
  4 ogres
  2 elf zombies (Ossuary)
  6 big kobolds
  5 bullfrogs
  An elf skeleton (D:5)
  A wyvern skeleton (D:9)
  2 scorpions
  25 killer bees
  A bullfrog zombie (D:10)
  A crimson imp (D:8)
  A human zombie (D:5)
  A quasit (D:5)
  2 hounds
  2 orc priests
  3 jellies
  4 orc wizards
  A centaur skeleton (D:7)
  2 human skeletons (D:5)
  2 iguanas
  7 worker ants
  A big kobold zombie (Ossuary)
  A mummy (Ossuary)
  A worker ant zombie (D:3)
  2 gnolls (D:5)
  4 adders
  4 shadow imps
  An ooze (D:3)
  4 adder zombies (Ossuary)
  An adder skeleton (D:9)
  2 worms
  2 dart slugs (D:1)
  9 leopard geckos
  23 orcs
  4 giant cockroaches
  10 goblins
  12 hobgoblins
  11 jackals
  35 kobolds
  5 quokkas
  A ball python (D:4)
  4 bats
  4 frilled lizards
  15 hobgoblin zombies (Ossuary)
  A jackal zombie (Ossuary)
  7 kobold zombies (Ossuary)
  A leopard gecko skeleton (D:9)
  2 orc skeletons (D:5)
  4 orc zombies (Ossuary)
  A quokka skeleton (D:5)
  A quokka zombie (D:5)
  12 rats
288 creatures vanquished.

Vanquished Creatures (collateral kills)
  A hippogriff (D:8)
  An ogre (D:2)
  A scorpion (D:5)
  2 centaur zombies (Ossuary)
  3 orc priests (D:4)
  2 orc wizards (D:4)
  A mummy (Ossuary)
  4 gnolls
  4 adders
  2 worms (D:2)
  A leopard gecko (D:8)
  4 orcs (D:4)
  A giant cockroach (D:2)
  3 jackals
  A kobold (D:7)
  An orc zombie (Ossuary)
32 creatures vanquished.

Grand Total: 320 creatures vanquished

Notes
Turn   | Place    | Note
-------+----------+-------------------------------------------
     0 | D:1      | PikkenKukken the Octopode Wizard began the quest for the
                  | Orb.
     0 | D:1      | Reached XP level 1. HP: 11/11 MP: 4/4
   160 | D:1      | Reached XP level 2. HP: 16/18 MP: 1/6
   276 | D:1      | Reached skill level 1 in Fighting
   574 | D:1      | Reached XP level 3. HP: 15/23 MP: 3/7
   688 | D:1      | Learned a level 2 spell: Blink
   691 | D:1      | Learned a level 2 spell: Call Imp
  1600 | D:2      | Learned a level 1 spell: Animate Skeleton
  1639 | D:2      | Reached XP level 4. HP: 29/29 MP: 0/8
  1816 | D:2      | Found a sparkling altar of Nemelex Xobeh.
  2188 | D:3      | Noticed an ogre
  2214 | D:2      | Killed an ogre
  2214 | D:2      | Reached XP level 5. HP: 35/35 MP: 3/9
  2736 | D:3      | Found a stormy altar of Qazlal.
  2959 | D:3      | Reached skill level 5 in Stealth
  3047 | D:3      | Noticed Grinder
  3073 | D:3      | Found a faded altar of an unknown god.
  3508 | D:3      | Killed Grinder
  3508 | D:3      | Reached XP level 6. HP: 25/42 MP: 0/10
  3719 | D:4      | Reached XP level 7. HP: 40/47 MP: 9/11
  3888 | D:4      | Found a deep blue altar of Sif Muna.
  3900 | D:4      | Found Idweuren's Magic Scroll Shoppe.
  3908 | D:4      | Bought a scroll of identify for 22 gold pieces
  3908 | D:4      | Bought a scroll of identify for 22 gold pieces
  4288 | D:4      | Found a staircase to the Ecumenical Temple.
  4297 | Temple   | Entered the Ecumenical Temple
  4361 | Temple   | Became a worshipper of Gozag Ym Sagoz the Greedy
  4603 | D:4      | Reached skill level 1 in Short Blades
  4840 | D:5      | Entered Level 5 of the Dungeon
  4868 | D:5      | Found a burning altar of Makhleb.
  5225 | D:5      | Reached skill level 5 in Dodging
  5310 | D:5      | Found a sand-covered staircase.
  5437 | Ossuary  | Entered an ossuary
  5625 | Ossuary  | Reached XP level 8. HP: 30/54 MP: 12/12
  6033 | Ossuary  | Reached skill level 5 in Fighting
  6033 | Ossuary  | Reached skill level 1 in Polearms
  6164 | D:5      | Found a snail-covered altar of Cheibriados.
  6326 | D:5      | Noticed Sigmund
  6810 | D:6      | Found a shimmering altar of Xom.
  6831 | D:6      | Reached skill level 2 in Polearms
  7035 | D:6      | Found a shadowy altar of Dithmenos.
  7591 | D:7      | Found a white marble altar of Elyvilon.
  7742 | D:7      | Reached skill level 3 in Polearms
  8005 | D:7      | Found a radiant altar of Vehumet.
  8736 | D:8      | Reached skill level 4 in Polearms
  8736 | D:8      | Reached skill level 5 in Spellcasting
  8736 | D:8      | Reached XP level 9. HP: 39/61 MP: 16/16
  8991 | D:8      | Found a shattered altar of Ashenzari.
  9220 | D:8      | Found a basalt altar of Yredelemnul.
  9495 | D:8      | Found Zootsyif's Distillery.
  9510 | D:8      | Bought a potion of experience for 750 gold pieces
  9510 | D:8      | Reached skill level 9 in Polearms
  9510 | D:8      | Reached XP level 10. HP: 63/66 MP: 23/23
  9511 | D:8      | Reached XP level 11. HP: 72/75 MP: 24/24
  9802 | D:9      | Noticed a two-headed ogre
  9802 | D:9      | Noticed a two-headed ogre
 10542 | D:8      | HP: 3/75 [poisoned by a worker ant]
 10548 | D:8      | HP: 2/75 [poisoned by a worker ant]
 10556 | D:8      | HP: 2/75 [poisoned by a worker ant]
 11070 | D:8      | Killed a two-headed ogre
 11425 | D:8      | Reached skill level 10 in Polearms
 12375 | D:8      | Found Zootsyif's Distillery.
 12467 | D:8      | Found a shattered altar of Ashenzari.
 12936 | D:8      | Killed a two-headed ogre
 12936 | D:8      | Reached skill level 10 in Spellcasting
 13835 | D:9      | Found a staircase to the Orcish Mines.
 14394 | D:9      | Found a basalt altar of Yredelemnul.
 14474 | D:10     | Entered Level 10 of the Dungeon
 14804 | D:8      | Reached skill level 11 in Polearms
 14898 | D:10     | Found a staircase to the Lair.
 15937 | D:10     | Noticed a tengu warrior
 16044 | D:10     | Reached XP level 12. HP: 24/80 MP: 26/26
 17116 | D:10     | Noticed a tengu warrior
 17131 | D:10     | Killed a tengu warrior
 17131 | D:10     | Reached skill level 12 in Polearms
 17132 | D:10     | Killed a tengu warrior
 17288 | Lair:1   | Entered Level 1 of the Lair of Beasts
 17288 | Lair:1   | Found the ring of the Octopus King
 17293 | Lair:1   | Noticed a six-headed hydra
 17294 | Lair:1   | Got a ring of the Octopus King
 17306 | D:10     | Identified a ring of the Octopus King {MP+9 AC+1 EV+1 Str+1
                  | Int+1 Dex+1} (You found it on level 1 of the Lair of
                  | Beasts)
 17329 | D:10     | Bought the ring of Fixation {rElec rPois rC- MP+9 Slay+2}
                  | for 594 gold pieces
 17345 | Lair:1   | HP: 4/81 [six-headed hydra (10)]
 17345 | Lair:1   | Mangled by a six-headed hydra

Skill      XL: |  1  2  3  4  5  6  7  8  9 10 11 12 |
---------------+-------------------------------------+-----
Stealth        | 3 4 5 6 |  6.0
Fighting       | 1 2 3 4 5 7 |  7.1
Dodging        | 3 4 5 6 8 |  8.0
Short Blades   | 2 3 |  3.0
Polearms       | 4 9 11 12 | 12.3
Spellcasting   | 5 9 10 | 10.0
Shields        | 4 |  4.8
Conjurations   | |  1.0
Summonings     | |  1.0
Translocations | |  1.0

Action                   |  1- 3 |  4- 6 |  7- 9 | 10-12 || total
-------------------------+-------+-------+-------+-------++-------
Melee: Mace              |    39 |    57 |       |       ||    96
       Constrict         |    12 |    20 |    65 |    58 ||   155
       Tentacles         |     5 |    12 |    60 |    68 ||   145
       Rapier            |       |    29 |       |   277 ||   306
       Trident           |       |       |   384 |   186 ||   570
Throw: Javelin           |       |     2 |       |     7 ||     9
 Cast: Magic Dart        |    66 |     5 |       |       ||    71
       Call Imp          |     6 |    14 |    30 |    25 ||    75
       Animate Skeleton  |       |    11 |     4 |       ||    15
       Blink             |       |     2 |       |     7 ||     9
Invok: Potion Petition   |       |       |       |     1 ||     1
       Call Merchant     |       |       |       |     1 ||     1
Evoke: Wand              |       |       |     1 |     6 ||     7
  Use: Scroll            |     5 |     6 |     8 |     1 ||    20
       Potion            |       |     1 |     1 |     6 ||     8
 Stab: Sleeping          |     3 |     6 |    27 |    12 ||    48
       Distracted        |       |       |     3 |     3 ||     6
       Paralysed         |       |       |       |     6 ||     6
  Eat: Chunk             |     2 |     8 |     1 |       ||    11
       Ration            |       |       |     6 |     7 ||    13
Armor: Skin              |     4 |    10 |    29 |    47 ||    90
Dodge: Dodged            |    31 |    74 |   220 |   540 ||   865
